 Dungeon Sprint DCSS version 0.18-a0-1800-gdc7a371 (webtiles) character file.

443 Joshtr2000 the Fighter (level 7, -10/52 HPs)
             Began as a Gargoyle Berserker on Apr 24, 2016.
             Was a Priest of Trog.
             Mangled by a slime creature (14 damage)
             ... in the Dungeon (Sprint I: "Red Sonja").
             The game lasted 00:24:36 (263 turns).

Joshtr2000 the Fighter (Gargoyle Berserker)          Turns: 263, Time: 00:24:36

Health: -10/52     AC:  7    Str: 22    XL:     7   Next: 2%
Magic:  7/7        EV: 13    Int:  8    God:    Trog [***...]
Gold:   272        SH:  0    Dex:  9    Spells: 0 memorised, 6 levels left

rFire  . . .     SeeInvis .     a - +0 mace
rCold  . . .     Gourm    .     b - +0 animal skin
rNeg   + . .     Faith    .     (no shield)
rPois  ∞         Spirit   .     (no helmet)
rElec  +         Dismiss  .     (no cloak)
rCorr  .         Reflect  .     (no gloves)
SustAt .         Harm     .     (no boots)
MR     .....     NoTele   +     (no amulet)
Stlth  +.........               (no ring)
                                (no ring)

@: exhausted, not resistant to hostile enchantments, very unstealthy
A: negative energy resistance 1, electricity resistance, unbreathing,
petrification resistance, rot immunity, AC +4
a: Berserk, Trog's Hand, Burn Spellbooks, Renounce Religion


You were in the Dungeon.
You worshipped Trog.
Trog was most pleased with you.
You were not hungry.

You visited 1 branch You collected 307 gold pieces.
You spent 35 gold pieces at shops.

Inventory:

Hand Weapons
 a - a +0 mace (weapon)
 k - a +0 scythe of venom
Armour
 b - a +0 animal skin (worn)
Scrolls
 i - a scroll of blinking
Potions
 d - 3 potions of curing
 f - 2 potions of haste
 g - 2 potions of magic
 h - a potion of berserk rage
 l - a potion of mutation
Comestibles
 c - a bread ration
 j - 3 chunks of flesh


   Skills:
 - Level 10.3 Fighting
 + Level 9.3 Maces & Flails
 - Level 5.4 Armour
 + Level 5.0 Dodging


You had 6 spell levels left.
You didn't know any spells.

Dungeon Overview and Level Annotations

Branches:
Dungeon (1/1)

Altars:
Elyvilon
Fedhas
Gozag
Kikubaaqudgha
Makhleb
Nemelex Xobeh
Okawaru
Pakellas
Qazlal
Ru
Sif Muna
Trog
Vehumet
Xom
Yredelemnul
Zin
The Shining One
Jiyva

Shops:
D !


Innate Abilities, Weirdness & Mutations

You are resistant to torment.
Your stone body is resilient (AC +4).
You are immune to poison.
You resist negative energy.
You are resistant to electric shocks.
You can survive without breathing.
You are immune to petrification.
You are immune to rotting.


Message History

Found a viscous altar of Jiyva and a blossoming altar of Fedhas.
The slime creature hits you!
* * * LOW HITPOINT WARNING * * *
You feel much better.
The slime creature hits you but does no damage.
You hit the slime creature.
The slime creature is lightly wounded.
You feel yourself speed up. The slime creature hits you!
You sock the slime creature!
The slime creature is moderately wounded.
The slime creature hits you!
* * * LOW HITPOINT WARNING * * *
You hit the slime creature but do no damage.
The slime creature is moderately wounded.
The slime creature closely misses you.
You thump the slime creature!
The slime creature is moderately wounded.
The slime creature hits you!
You die...

###################
#<.#..)..#..'..#__#
#..'..#..'[.#..'..+
#..#####'#####'#
#..####..#...#J#
#..#__####..##@#
#..#_.___##'#..+
#⌠⌠#_.∩...'..._#
####_..._##_.#'#
#_____###+#.#
####### ###


You could see a slime creature.

Vanquished Creatures
  Sigmund (D)
  A yak (D)
  An ogre (D)
  A jelly (D)
  Ijyb (D)
5 creatures vanquished.

Notes
Turn   | Place    | Note
--------------------------------------------------------------
     0 | D        | Joshtr2000 the Gargoyle Berserker began the quest for the Orb.
     0 | D        | Reached XP level 1. HP: 14/14 MP: 1/1
     3 | D        | Noticed Ijyb
    17 | D        | Killed Ijyb
    17 | D        | Reached skill level 5 in Fighting
    17 | D        | Reached XP level 2. HP: 16/21 MP: 2/2
    17 | D        | Reached XP level 3. HP: 20/26 MP: 3/3
    79 | D        | Noticed an ogre
    85 | D        | Killed an ogre
    85 | D        | Reached skill level 7 in Fighting
    85 | D        | Reached XP level 4. HP: 34/34 MP: 4/4
   125 | D        | Noticed Sigmund
   131 | D        | Killed Sigmund
   131 | D        | Reached ** piety under Trog
   131 | D        | Reached skill level 9 in Fighting
   131 | D        | Reached XP level 5. HP: 41/41 MP: 5/5
   131 | D        | Reached XP level 6. HP: 46/46 MP: 6/6
   192 | D        | Found a deep blue altar of Sif Muna.
   194 | D        | Found a radiant altar of Vehumet.
   199 | D        | Reached skill level 5 in Armour
   219 | D        | Found Daudghups's Distillery.
   219 | D        | Found a white marble altar of Elyvilon.
   219 | D        | Found a stormy altar of Qazlal.
   219 | D        | Found a burning altar of Makhleb.
   219 | D        | Found a sacrificial altar of Ru.
   219 | D        | Found an oddly glowing altar of Pakellas.
   219 | D        | Found a basalt altar of Yredelemnul.
   219 | D        | Found a glowing golden altar of the Shining One.
   219 | D        | Found a sparkling altar of Nemelex Xobeh.
   219 | D        | Found a shimmering altar of Xom.
   219 | D        | Found an opulent altar of Gozag.
   219 | D        | Found an ancient bone altar of Kikubaaqudgha.
   219 | D        | Found a glowing silver altar of Zin.
   219 | D        | Noticed a yak
   220 | D        | Found an iron altar of Okawaru.
   230 | D        | Killed a yak
   230 | D        | Reached *** piety under Trog
   230 | D        | Reached skill level 10 in Fighting
   230 | D        | Reached skill level 5 in Dodging
   230 | D        | Reached XP level 7. HP: 14/52 MP: 7/7
   231 | D        | Found a bloodstained altar of Trog.
   238 | D        | Bought a potion of mutation for 35 gold pieces
   256 | D        | Found a viscous altar of Jiyva.
   256 | D        | Found a blossoming altar of Fedhas.
   256 | D        | Noticed a slime creature
   263 | D        | Mangled by a slime creature

Vault maps used:
D:        dungeon_sprint_1

Skill      XL: |  1  2  3  4  5  6 |
---------------+-------------------+-----
Fighting       | 5 7 9 10 | 10.3
Maces & Flails | 4 6 8 9 |  9.3
Dodging        | 2 3 4 5 |  5.0
Armour         | 3 4 5 |  5.4

Action                   |  1- 3 |  4- 6 |  7- 9 || total
-------------------------+-------+-------+-------++-------
Melee: Mace              |    16 |    17 |     4 ||    37
Invok: Berserk           |     1 |     2 |       ||     3
  Use: Potion            |       |       |     1 ||     1
 Stab: Sleeping          |       |     1 |       ||     1
  Eat: Chunk             |       |       |     1 ||     1
Armor: Animal skin       |     5 |       |     1 ||     6
Dodge: Dodged            |     8 |    10 |     1 ||    19
